 Dungeon Sprint DCSS version 0.14-a0-445-g388476e (webtiles) character file.

5424 Daniel the Grappler (level 10, -3/86 HPs)
             Began as a Minotaur Transmuter on Oct 30, 2013.
             Was the Champion of Cheibriados.
             Slain by a catoblepas (15 damage)
             ... in the Dungeon (Sprint IX: "|||||||||||||||||||||||||||||").
             The game lasted 00:04:22 (792 turns).

Daniel the Grappler (Minotaur Transmuter)            Turns: 792, Time: 00:04:22

HP  -3/86        AC  7     Str 33      XL: 10   Next: 40%
MP  14/16        EV  2     Int 31      God: Cheibriados [******]
Gold 30          SH  0     Dex 26      Spells:  2 memorised, 13 levels left

Res.Fire  : . . .   See Invis. : .     - Unarmed
Res.Cold  : . . .   Warding    : .   e - +0 orc ring mail
Life Prot.: + + +   Conserve   : .   (no shield)
Res.Poison: +       Res.Corr.  : .   (helmet restricted)
Res.Elec. : .       Clarity    : .   (no cloak)
Sust.Abil.: . .     Spirit.Shd : .   q - +0 pair of gloves
Res.Mut.  : .       Prev.Telep.: +   r - +0 pair of boots
Res.Rott. : +       Flight     : .   (no amulet)
Saprovore : . . .                    t - +3 ring of intelligence
                                     s - +3 ring of strength

@: petrified, very slow, somewhat resistant to hostile enchantments, unstealthy
A: retaliatory headbutt, horns 2
a: Bend Time, Temporal Distortion, Slouch, Step From Time, Renounce Religion


You were in the Dungeon.
You worshipped Cheibriados.
Cheibriados was exalted by your worship.
You were not hungry.

You visited 1 branch You collected 10 gold pieces.

Inventory:

Missiles
 b - 12 arrows
Armour
 c - a +0 robe
 e - a +0 orcish ring mail (worn)
 q - a +0 pair of gloves (worn)
 r - a +0 pair of boots (worn)
Magical devices
 o - a wand of fire (7)
Comestibles
 a - a bread ration
 v - a pear
 x - a rotting chunk of bat flesh
Scrolls
 l - 3 scrolls of remove curse
 m - 2 scrolls of amnesia
 n - a scroll of blinking
 w - 2 scrolls of enchant armour
Jewellery
 s - a +3 ring of strength (left hand)
 t - a +3 ring of intelligence (right hand)
Potions
 f - 2 potions of heal wounds
 g - a potion of speed
 h - 4 potions of magic
 i - a potion of berserk rage
 j - a potion of cure mutation
 k - 4 potions of curing
 u - a potion of brilliance
Books
 d - a book of Changes

   Spells                             Type                      Level
   *Beastly Appendage                 Transmutation                1
   Sticks to Snakes                   Transmutation                2
   Spider Form                        Transmutation/Poison         3
   Ice Form                           Ice/Transmutation            4
   *Blade Hands                       Transmutation                5
Magical staves
 p - an uncursed staff of energy


   Skills:
 + Level 11.2 Fighting
 + Level 10.7 Dodging
 * Level 14.4 Unarmed Combat
 - Level 5.0 Spellcasting
 * Level 11.3 Transmutations
 + Level 6.5 Invocations


You had 13 spell levels left.
You knew the following spells:

 Your Spells              Type           Power        Failure   Level  Hunger
a - Beastly Appendage     Trmt           ######       1%          1    None
b - Blade Hands           Trmt           ######....   1%          5    ####...


Dungeon Overview and Level Annotations

Branches:
Dungeon (1/1)

Altars:
Ashenzari
Cheibriados
Elyvilon
Fedhas
Kikubaaqudgha
Makhleb
Nemelex Xobeh
Okawaru
Sif Muna
Trog
Vehumet
Xom
Yredelemnul
Zin
the Shining One


Innate Abilities, Weirdness & Mutations

You reflexively headbutt those who attack you in melee.
You have a pair of horns on your head.


Message History

The catoblepas gores you.
You punch the catoblepas! You headbutt the catoblepas!
You punch the catoblepas!
The catoblepas is moderately wounded.
You are engulfed in calcifying dust.
Your limbs have turned to stone.
You have turned to stone.
The catoblepas gores you!
* * * LOW HITPOINT WARNING * * *
The catoblepas breathes a plume of calcifying dust at you.
The blast of calcifying dust hits you!
* * * LOW HITPOINT WARNING * * *
You are engulfed in calcifying dust.
The catoblepas breathes a plume of calcifying dust at you.
The blast of calcifying dust hits you!
* * * LOW HITPOINT WARNING * * *
You are engulfed in calcifying dust.
The catoblepas gores you!
* * * LOW HITPOINT WARNING * * *
You are engulfed in calcifying dust.
The catoblepas gores you!
You die...

▒▄▒∙▒%▒
▒▄▒∙▒∙▒
▒▄▒∙▒∙▒
▒▄▒∙▒∙▒
▒▄▒∙▒∙▒
▒▄▒∙▒#▒
▒▄▒∙▒#▒
▒'▒∙▒∙▒
▒∙▒∙▒@▒
▒∙▒∙▒Y▒
▒∙▒∙▒Y▒
▒)▒∙▒Y▒
▒∙▒∙▒∙▒
▒∙▒∙▒∙▒
▒[▒∙▒∙▒
▒∙▒∙▒∙▒
▒∙▒∙▒∙▒


You could see a catoblepas and 2 yaks.

Vanquished Creatures
  A hydra (D)
  3 death yaks (D)
  A black mamba (D)
  A spiny frog (D)
  A slime creature (D)
  6 yaks (D)
  A manticore (D)
  2 hippogriffs (D)
  2 porcupines (D)
  An ogre (D)
  A giant slug (D)
  2 giant frogs (D)
  A big kobold (D)
  An agate snail (D)
  A water moccasin (D)
  A hound (D)
  2 scorpions (D)
  An adder (D)
  A worm (D)
  An orc (D)
  3 bats (D)
  2 giant cockroaches (D)
  2 ball pythons (D)
  2 giant geckos (D)
  A goblin (D)
  3 rats (D)
  A plant (D)
45 creatures vanquished.

Notes
Turn   | Place    | Note
--------------------------------------------------------------
     0 | D        | Daniel, the Minotaur Transmuter, began the quest for the Orb.
     0 | D        | Reached XP level 1. HP: 16/16 MP: 1/1
    51 | D        | Noticed a scorpion
    60 | D        | Found a basalt altar of Yredelemnul.
    60 | D        | Found a blossoming altar of Fedhas.
    60 | D        | Found a radiant altar of Vehumet.
    60 | D        | Found a shattered altar of Ashenzari.
    60 | D        | Found a glowing golden altar of the Shining One.
    60 | D        | Found an ancient bone altar of Kikubaaqudgha.
    60 | D        | Found a deep blue altar of Sif Muna.
    61 | D        | Found a snail-covered altar of Cheibriados.
    62 | D        | Found a sparkling altar of Nemelex Xobeh.
    63 | D        | Found a glowing silver altar of Zin.
    64 | D        | Found an iron altar of Okawaru.
    65 | D        | Found a bloodstained altar of Trog.
    66 | D        | Found a burning altar of Makhleb.
    67 | D        | Found a shimmering altar of Xom.
    68 | D        | Found a white marble altar of Elyvilon.
    69 | D        | Found a glowing silver altar of Zin.
    70 | D        | Became a worshipper of Cheibriados the Contemplative
    75 | D        | Killed a scorpion
    75 | D        | Reached skill level 4 in Unarmed Combat
    75 | D        | Reached XP level 2. HP: 11/23 MP: 2/2
    75 | D        | Reached XP level 3. HP: 13/28 MP: 3/3
    76 | D        | Acquired Cheibriados' first power
    86 | D        | Found a radiant altar of Vehumet.
   117 | D        | HP: 1/28 [poisoned by a scorpion]
   249 | D        | Noticed a giant frog
   249 | D        | Noticed a manticore
   249 | D        | Noticed a scorpion
   249 | D        | Noticed a hippogriff
   249 | D        | Noticed a yak
   252 | D        | Killed a giant frog
   252 | D        | Reached skill level 6 in Unarmed Combat
   252 | D        | Reached XP level 4. HP: 18/36 MP: 3/4
   254 | D        | Acquired Cheibriados' second power
   266 | D        | Killed a manticore
   266 | D        | Reached skill level 5 in Fighting
   266 | D        | Reached skill level 5 in Dodging
   266 | D        | Reached skill level 7 in Unarmed Combat
   266 | D        | Reached skill level 5 in Transmutations
   266 | D        | Reached XP level 5. HP: 36/44 MP: 4/6
   272 | D        | Killed a scorpion
   272 | D        | Reached skill level 8 in Unarmed Combat
   276 | D        | Killed a hippogriff
   276 | D        | Reached XP level 6. HP: 42/51 MP: 5/9
   283 | D        | Killed a yak
   283 | D        | Acquired Cheibriados' third power
   283 | D        | Reached skill level 9 in Unarmed Combat
   283 | D        | Reached XP level 7. HP: 41/58 MP: 6/10
   377 | D        | Learned a level 5 spell: Blade Hands
   378 | D        | Noticed a hippogriff
   378 | D        | Noticed an ogre
   378 | D        | Noticed a slime creature
   378 | D        | Noticed a yak
   378 | D        | Noticed a big kobold
   380 | D        | Killed a hippogriff
   381 | D        | Killed an ogre
   381 | D        | Reached skill level 10 in Unarmed Combat
   384 | D        | Killed a slime creature
   384 | D        | Acquired Cheibriados' fourth power
   386 | D        | Killed a yak
   386 | D        | Reached skill level 5 in Spellcasting
   386 | D        | Reached XP level 8. HP: 60/67 MP: 5/13
   387 | D        | Killed a big kobold
   387 | D        | Reached skill level 11 in Unarmed Combat
   515 | D        | Noticed an agate snail
   515 | D        | Noticed a hound
   515 | D        | Noticed a porcupine
   516 | D        | Noticed a yak
   529 | D        | Killed an agate snail
   533 | D        | Killed a hound
   533 | D        | Reached skill level 1 in Invocations
   537 | D        | Killed a porcupine
   542 | D        | Killed a yak
   593 | D        | Noticed a yak
   593 | D        | Noticed a giant slug
   593 | D        | Noticed a spiny frog
   593 | D        | Noticed a giant frog
   593 | D        | Noticed a porcupine
   593 | D        | Noticed a water moccasin
   594 | D        | Noticed a black mamba
   595 | D        | Killed a yak
   597 | D        | Killed a giant slug
   598 | D        | Noticed a four-headed hydra
   600 | D        | Killed a spiny frog
   600 | D        | Reached skill level 12 in Unarmed Combat
   600 | D        | Reached XP level 9. HP: 58/75 MP: 9/15
   601 | D        | Killed a giant frog
   602 | D        | Killed a porcupine
   603 | D        | Killed a black mamba
   604 | D        | Killed a water moccasin
   611 | D        | Killed a four-headed hydra
   611 | D        | Reached skill level 10 in Fighting
   611 | D        | Reached skill level 13 in Unarmed Combat
   611 | D        | Reached skill level 10 in Transmutations
   611 | D        | Reached skill level 5 in Invocations
   758 | D        | Noticed a death yak
   758 | D        | Noticed a death yak
   758 | D        | Noticed a death yak
   758 | D        | Noticed a yak
   758 | D        | Noticed a yak
   758 | D        | Noticed a yak
   758 | D        | Noticed a yak
   759 | D        | Noticed a catoblepas
   763 | D        | Killed a death yak
   763 | D        | Reached skill level 10 in Dodging
   765 | D        | Killed a death yak
   765 | D        | Reached skill level 14 in Unarmed Combat
   765 | D        | Reached XP level 10. HP: 40/85 MP: 10/16
   770 | D        | Killed a death yak
   772 | D        | Killed a yak
   774 | D        | Killed a yak
   792 | D        | Slain by a catoblepas

Action                   |  1- 3 |  4- 6 |  7- 9 | 10-12 || total
-------------------------+-------+-------+-------+-------++-------
Melee: Unarmed           |    23 |    29 |    56 |    10 ||   118
 Cast: Blade Hands       |       |       |     3 |       ||     3
 Abil: End Transformatio |       |       |     1 |       ||     1
  Use: Potion            |     3 |     1 |       |     2 ||     6
       Scroll            |     1 |       |       |       ||     1
 Stab: Invisible         |       |    10 |       |       ||    10
